 Dungeon Crawl Stone Soup version 0.30-a0-39-g42789b21ef (webtiles) character file.

Game seed: 12562606234168396540

1606 SensoryNuts the Cleaver (level 8, -5/103 HPs)
             Began as a Hill Orc Fighter on Aug 28, 2022.
             Slain by Duvessa
             ... wielding a +0 short sword
              (13 damage)
             ... on level 5 of the Dungeon.
             The game lasted 00:04:52 (5421 turns).

SensoryNuts the Cleaver (Hill Orc Fighter)          Turns: 5421, Time: 00:04:52

Health: -5/103     AC: 24    Str: 19    XL:     8   Next: 94%
Magic:  8/8        EV:  2    Int:  8    God:
Gold:   246        SH:  5    Dex: 12    Spells: 7/7 levels left

rFire   . . .      SeeInvis .    a - +1 war axe
rCold   . . .      Faith    .    c - +0 buckler
rNeg    . . .      Spirit   .    (body armour currently unavailable)
rPois   +          Reflect  .    (helmet currently unavailable)
rElec   .          Harm     .    (cloak currently unavailable)
rCorr   .          Rampage  .    (gloves currently unavailable)
Will    .....      NoTele   +    (boots currently unavailable)
Stlth   +.........               (no amulet)
HPRegen 0.27/turn                d - +4 ring of slaying
MPRegen 0.11/turn                (no ring)

@: tree-form
A: stationary, stasis, torment immunity, boosted hp, deterioration 1
a: no special abilities


You were on level 5 of the Dungeon.
You were a tree.
You visited 1 branch of the dungeon, and saw 5 of its levels.
You also visited: Sewer.

You collected 246 gold pieces.

Inventory:

Hand Weapons
 a - a +1 war axe (weapon)
Armour
 b - a +0 scale mail (melded)
 c - a +0 buckler (worn)
 n - a +1 helmet (melded)
Jewellery
 d - a +4 ring of slaying (left branch)
 f - a ring of positive energy
 o - a ring of willpower
Wands
 j - a wand of charming (5)
 q - a wand of acid (8)
Scrolls
 e - 3 scrolls of blinking
 g - 2 scrolls of noise
 h - 5 scrolls of enchant armour
 l - 4 scrolls of enchant weapon
 m - a scroll of teleportation
 r - a scroll of identify
Potions
 k - a potion of cancellation
 p - 2 potions of curing


   Skills:
 + Level 5.5 Fighting
 * Level 11.6 Axes
 + Level 6.0 Armour
 + Level 1.4 Dodging
 + Level 0.1 Stealth
 + Level 4.2 Shields


You had 7 spell levels left.
You didn't know any spells.
Your spell library contained the following spells:

 Spells                   Type           Power      Damage    Failure   Level
 Conjure Flame            Conj/Fire      0%         6-21      86%         3
 Stone Arrow              Conj/Erth      0%         3d7       86%         3
 Animate Armour           Summ/Erth      0%         N/A       99%         4
 Summon Lightning Spire   Summ/Air       0%         N/A       99%         4
 Fireball                 Conj/Fire      0%         3d3       100%        5
 Lehudib's Crystal Spear  Conj/Erth      0%         10d2      100%        8


Dungeon Overview and Level Annotations

Branches:
Dungeon (5/15)              Sewer (visited)
 Temple: D:4-7

Altars:
Hepliaklqana
Makhleb
Nemelex Xobeh
Zin

Shops:
D:4 [:*

Annotations:
D:5 Duvessa


Innate Abilities, Weirdness & Mutations

You are a tree.
Your roots penetrate the ground, keeping you stationary.
You cannot be teleported.
You are immune to unholy pain and torment.
Your maximum health is greatly increased.
Your equipment is partially melded.
Your body sometimes deteriorates upon taking damage.


Message History

You hit Duvessa.
Duvessa is lightly wounded.
Duvessa barely misses you. You block Duvessa's attack.
You barely miss Duvessa.
Duvessa is lightly wounded.
You block Duvessa's attack.
You hit Duvessa.
Duvessa is lightly wounded.
You barely miss the black bear. Duvessa hits you with a +0 short sword!
The black bear bites you but does no damage.
The black bear claws you but does no damage.
You block the black bear's attack.
You hit Duvessa but do no damage.
Duvessa is lightly wounded.
You barely miss the black bear. Duvessa completely misses you.
The black bear bites you.
The black bear claws you but does no damage.
The black bear claws you. Duvessa hits you with a +0 short sword.
You slash Duvessa!
Duvessa is moderately wounded.
You hit the black bear. Duvessa barely misses you.
The black bear bites you but does no damage.
The black bear claws you.
The black bear claws you but does no damage.
You feel better. Duvessa hits you with a +0 short sword!
The black bear completely misses you. The black bear barely misses you.
The black bear claws you but does no damage.
Duvessa hits you with a +0 short sword!
* * * LOW HITPOINT WARNING * * *
It was a potion of lignification.
You turn into a tree.
Your +1 helmet melds into your body.
Your +0 scale mail melds into your body.
Your roots penetrate the ground.
Duvessa hits you with a +0 short sword!
* * * LOW HITPOINT WARNING * * *
Duvessa hits you with a +0 short sword.
* * * LOW HITPOINT WARNING * * *
It was a potion of mutation.
You feel extremely strange.
You feel yourself wasting away. Duvessa hits you with a +0 short sword!
You die...

#..# #..# #..# ##..#
#...# ### ########
#...#+####....#
.......####.#...♣eh..#
.####.....#.#....#.#....#
.......##.#.#.####.# ..+
####.####...#.####.#. #
.....# ##...#........
..###+ .#...#
#....'.#...... ......
.#...###....#.#......
......
..####...............
...... ..#
#...........##+##....


You could see Duvessa (berserk) and a black bear.

Vanquished Creatures
  Pikel (D:4)
  Sigmund (D:4)
  Eustachio (D:5)
  Edmund (D:5)
  2 lemures (D:4)
  A kobold brigand (Sewer)
  Dowan (D:5)
  A quasit (Sewer)
  2 jellies (D:5)
  3 hounds
  4 iguanas
  Robin (D:4)
  10 gnolls
  A river rat (D:3)
  9 adders
  2 shadow imps
  2 ufetubi (Sewer)
  2 worms
  2 dart slugs
  5 orcs
  7 ball pythons
  5 bats
  5 endoplasms
  4 giant cockroaches
  14 goblins
  5 hobgoblins
  3 jackals (D:5)
  2 quokkas
  2 frilled lizards
  20 kobolds
  A kobold zombie (Sewer)
  4 rats
  A spectral orc (D:3)
125 creatures vanquished.

Vanquished Creatures (others)
  A bat zombie (Sewer)
  13 fungi (D:5)
14 creatures vanquished.

Grand Total: 139 creatures vanquished

Notes
Turn   | Place    | Note
-------+----------+-------------------------------------------
     0 | D:1      | SensoryNuts the Hill Orc Fighter began the quest for the
                  | Orb.
     0 | D:1      | Reached XP level 1. HP: 19/19 MP: 1/1
   509 | D:1      | Reached XP level 2. HP: 25/27 MP: 2/2
   513 | D:1      | Reached skill level 3 in Axes
  1233 | D:2      | Reached XP level 3. HP: 33/33 MP: 3/3
  1342 | D:2      | Reached skill level 4 in Axes
  1342 | D:2      | Reached XP level 4. HP: 18/40 MP: 4/4
  1945 | D:3      | Found a burning altar of Makhleb.
  2069 | D:3      | Reached skill level 5 in Axes
  2074 | D:3      | Reached XP level 5. HP: 37/46 MP: 5/5
  2143 | D:3      | Got the Teachings on the Nimbus and the Pyre
  2178 | D:3      | Found a glowing drain.
  2207 | Sewer    | Entered a sewer
  2473 | Sewer    | Reached skill level 6 in Axes
  2593 | Sewer    | Found a burning altar of Makhleb.
  2601 | Sewer    | Noticed a kobold brigand
  2610 | Sewer    | Killed a kobold brigand
  2611 | Sewer    | Reached XP level 6. HP: 42/53 MP: 6/6
  2833 | D:3      | Found a hazy altar of Hepliaklqana.
  2855 | D:3      | Found a faded altar of an unknown god.
  2869 | D:3      | Reached skill level 7 in Axes
  3373 | D:3      | Found a glowing silver altar of Zin.
  3959 | D:4      | Found Gounosk's Antique Armour Boutique.
  4132 | D:4      | Noticed Sigmund
  4138 | D:4      | Killed Sigmund
  4139 | D:4      | Reached skill level 8 in Axes
  4139 | D:4      | Reached XP level 7. HP: 59/60 MP: 7/7
  4256 | D:4      | Found Erutyol's Book Shop.
  4273 | D:4      | Noticed Pikel
  4286 | D:4      | Reached skill level 5 in Armour
  4288 | D:4      | Killed Pikel
  4289 | D:4      | Reached skill level 5 in Fighting
  4289 | D:4      | Reached skill level 10 in Axes
  4289 | D:4      | Reached skill level 1 in Dodging
  4289 | D:4      | Reached XP level 8. HP: 34/68 MP: 8/8
  4459 | D:4      | Found a sparkling altar of Nemelex Xobeh.
  4675 | D:4      | Found Arori's Elemental Accessories.
  4677 | D:4      | Noticed Robin
  4704 | D:4      | Killed Robin
  4969 | D:5      | Entered Level 5 of the Dungeon
  4986 | D:5      | Noticed Edmund
  5007 | D:5      | Killed Edmund
  5128 | D:5      | Noticed Eustachio
  5136 | D:5      | Killed Eustachio
  5137 | D:5      | Reached skill level 11 in Axes
  5403 | D:5      | Noticed Dowan
  5404 | D:5      | Noticed Duvessa
  5409 | D:5      | Killed Dowan
  5421 | D:5      | Gained mutation: Your body sometimes deteriorates upon
                  | taking damage. [potion of mutation]
  5421 | D:5      | Slain by Duvessa

Illustrated notes

Levels and vault maps discovered:
D:1:      shiori_shiawase, layout_basic
D:2:      layout_loops_ring
D:3:      layout_loops_ring, nicolae_hepliaklqana_monster_ancestors,
          mainiacjoe_overflow_surrounded_room, lemuel_coloured_pillars_altar,
          dreamdust_ecumenical_altar_grove, portal_sewer_entry_a
D:4:      layout_basic, amcnicky_altar_gilded, serial_shops, shop,
          nicolae_take_the_stairs, nicolae_elemental_shop, uniq_robin,
          uniq_grinder, uniq_pikel, uniq_sigmund
D:5:      layout_basic, mainiacjoe_overflow_boulevard, general_overflow_altar,
          serial_aquarium, aquarium_bridge_long_separate
          [aquarium_subvault_bridge, aquarium_subvault_window,
          aquarium_subvault_wall, aquarium_subvault_wall,
          aquarium_subvault_balcony, aquarium_subvault_bridge],
          aquarium_bridge_square [aquarium_subvault_window,
          aquarium_subvault_window, aquarium_subvault_bridge,
          aquarium_subvault_bridge], aquarium_window_1, aquarium_window_1,
          aquarium_view_2c, chequers_serial_rivers_micro_a, uniq_ijyb,
          uniq_edmund, uniq_eustachio, uniq_duvessa

Skill      XL: |  1  2  3  4  5  6  7  8 |
---------------+-------------------------+-----
Axes           | 3 4 5 6 8 10 11 | 11.6
Fighting       | 4 5 |  5.5
Armour         | 4 5 6 |  6.0
Dodging        | 1 |  1.4
Shields        | 4 |  4.2
Stealth        | |  0.1

Action                   |  1- 3 |  4- 6 |  7- 9 || total
-------------------------+-------+-------+-------++-------
Melee: War axe           |    57 |   165 |   115 ||   337
  Use: Potion            |     1 |     6 |     6 ||    13
       Scroll            |       |     8 |     1 ||     9
Armor: Scale mail        |    28 |    98 |    46 ||   172
Dodge: Dodged            |    41 |   104 |    49 ||   194
Block: Buckler           |     8 |    36 |    26 ||    70

Table legend: (Time is in decaauts)
 A = Elapsed time spent in this place.
 B = Non-inter-level travel time spent in this place.
 C = Inter-level travel time spent in this place.
 D = Time resting spent in this place.
 E = Time spent auto-exploring this place.
 F = Levels seen in this place.
 G = Mean time per level.
                   A        B        C        D        E       F      G
               +--------+--------+--------+--------+--------+-----+--------+
         Total |   5494 |   5320 |    174 |    500 |   4019 |   6 |  915.7 |
       Dungeon |   5061 |   4887 |    174 |    500 |   3710 |   5 | 1012.2 |
         Sewer |    433 |    433 |      0 |      0 |    309 |   1 |  433.0 |
               +--------+--------+--------+--------+--------+-----+--------+

Top non-repeatable levels by time:
     D:3: 1628 daAuts
     D:2: 1211 daAuts
     D:4: 1025 daAuts
     D:1: 746 daAuts
     D:5: 450 daAuts
   Sewer: 433 daAuts
